 Dungeon Crawl Stone Soup version 0.24-a0-809-g71cb82dfb8 (webtiles) character file.

Game seed: 854404106063934825, levelgen mode: deterministic

796 FollowTheCloud the Covered (level 7, 0/56 HPs)
             Began as a Gnoll Wanderer on Oct 11, 2019.
             Was an Initiate of Ru.
             Killed by divine providence
             ... invoked by an orc priest
              (9 damage)
             ... on level 5 of the Dungeon.
             The game lasted 00:10:28 (4608 turns).

FollowTheCloud the Covered (Gnoll Wanderer)         Turns: 4608, Time: 00:10:28

Health: 0/56       AC:  7    Str: 13    XL:     7   Next: 89%
Magic:  9/9        EV: 12    Int: 15    God:    Ru [......]
Gold:   172        SH:  0    Dex: 17    Spells: 10/11 levels left

rFire    . . .     SeeInvis .   k - +0 dagger (venom)
rCold    . . .     Gourm    .   (no shield)
rNeg     . . .     Faith    .   q - +0 ring mail
rPois    .         Spirit   .   t - +0 helmet
rElec    .         Reflect  .   (no cloak)
rCorr    .         Harm     .   (no gloves)
MR       .....                  (no boots)
Stlth    ++........             (no amulet)
HPRegen  0.18/turn              (no ring)
MPRegen  0.11/turn              (no ring)

@: no status effects
A: distributed training, fangs 1, low mp 1, strong nose
a: Renounce Religion


You were on level 5 of the Dungeon.
You worshipped Ru.
Ru was noncommittal.
You were not hungry.

You visited 1 branch of the dungeon, and saw 5 of its levels.

You collected 172 gold pieces.

Inventory:

Hand Weapons
 a - a +0 hand axe
 k - a +0 dagger of venom (weapon)
 s - a +2 dagger of speed
Missiles
 c - 25 poisoned darts (quivered)
 p - 7 javelins
Armour
 e - a +0 robe
 q - a +0 ring mail (worn)
 t - a +0 helmet (worn)
Jewellery
 w - an uncursed amulet of regeneration {unknown}
Wands
 n - a wand of paralysis (4)
Scrolls
 b - 5 scrolls of teleportation {unknown}
 d - a scroll of fear {unknown}
 g - 2 scrolls of identify {unknown}
 h - 2 scrolls of magic mapping {unknown}
 i - 6 scrolls of remove curse {unknown}
 r - a scroll of fog {unknown}
Potions
 j - 3 potions of invisibility {unknown}
 l - 2 potions of degeneration {unknown}
 m - a potion of heal wounds {unknown}
 o - 3 potions of curing {unknown}
 u - a potion of ambrosia {unknown}
 x - a potion of resistance {unknown}
 z - a potion of magic {unknown}
Comestibles
 f - 5 rations
 v - 2 chunks of flesh


   Skills:
 + Level 5.3 Fighting
 + Level 2.7 Short Blades
 + Level 2.7 Long Blades
 + Level 3.8 Axes
 + Level 2.7 Maces & Flails
 + Level 2.7 Polearms
 + Level 2.7 Staves
 + Level 2.7 Slings
 + Level 2.7 Bows
 + Level 2.7 Crossbows
 + Level 3.8 Throwing
 + Level 5.3 Armour
 + Level 2.7 Dodging
 + Level 2.7 Stealth
 + Level 3.8 Shields
 + Level 2.7 Unarmed Combat
 + Level 2.7 Spellcasting
 + Level 2.2 Conjurations
 + Level 2.2 Hexes
 + Level 2.2 Charms
 + Level 3.1 Summonings
 + Level 4.4 Necromancy
 + Level 2.2 Translocations
 + Level 2.2 Transmutations
 + Level 2.2 Fire Magic
 + Level 2.2 Ice Magic
 + Level 2.2 Air Magic
 + Level 2.2 Earth Magic
 + Level 2.2 Poison Magic
 + Level 3.0 Invocations
 + Level 2.7 Evocations


You had 10 spell levels left.
You knew the following spells:

 Your Spells              Type           Power        Failure   Level  Hunger
a - Magic Dart            Conj           #...         17%         1    #......

Your spell library contained the following spells:

 Spells                   Type           Power        Failure   Level  Hunger
 Call Imp                 Summ           ##......     17%         2    ##.....
 Blink                    Tloc           N/A          26%         2    ##.....
 Slow                     Hex            #.......     26%         2    ##.....
 Conjure Flame            Conj/Fire      #.......     45%         3    ###....
 Mephitic Cloud           Conj/Pois/Air  #.......     45%         3    ###....


Dungeon Overview and Level Annotations

Branches:
Dungeon (5/15)             Temple (0/1) D:4

Altars:
Dithmenos
Hepliaklqana
Kikubaaqudgha
Ru
Trog
Uskayaw


Innate Abilities, Weirdness & Mutations

Your experience applies equally to all skills.
You have very sharp teeth.
Your magical capacity is low. (-10% MP)
Your uncanny sense of smell can sniff out nearby items.


Message History

Found a shiny ring mail.
The orc priest invokes the aid of Beogh against you.
Beogh smites you!
* * * LOW HITPOINT WARNING * * *
The sky beast flickers out of sight!
Deactivating autopickup; reactivate with Ctrl-A.
There are monsters nearby!
That item cannot be evoked!
Aiming: Paralyse
Press: ? - help, Shift-Dir - straight line, f - orc priest
Aim: an orc priest, wielding a +0 mace and wearing a +0 leather armour (chance to defeat MR: 53%) Nothing appears to happen.
Aiming: Paralyse
Press: ? - help, Shift-Dir - straight line, f/p - orc priest
Aim: an orc priest, wielding a +0 mace and wearing a +0 leather armour (chance to defeat MR: 53%) Nothing appears to happen.
You barely miss the orc priest.
The orc priest invokes the aid of Beogh against you.
Beogh smites you!
You die...

##..............
#..%..............
..#...............
..................
...#...o..........
. #...o..........
##..o..........
#.o...........
##.@.รท..$.....
#......#.....
#......##....
##.....## . .
#......# #......#
#......#.#
#......#.#
##......#######


You could see an orc priest and 3 orcs.

Vanquished Creatures
  Eustachio (D:4)
  Duvessa (D:4)
  Blork the orc (D:4)
  A bullfrog (D:5)
  Dowan (D:4)
  A scorpion (D:4)
  A bullfrog zombie (D:5)
  An orc wizard (D:3)
  Crazy Yiuf (D:4)
  A bullfrog skeleton (D:5)
  An orc priest (D:2)
  An iguana (D:4)
  4 adders
  An ooze (D:2)
  An adder skeleton (D:4)
  8 worms
  4 dart slugs
  7 leopard geckos
  9 orcs
  A giant cockroach (D:3)
  7 goblins
  4 hobgoblins
  3 jackals (D:4)
  6 kobolds
  2 quokkas
  A ball python skeleton (D:4)
  3 bats
  9 frilled lizards
  3 rats
85 creatures vanquished.

Notes
Turn   | Place    | Note
-------+----------+-------------------------------------------
     0 | D:1      | FollowTheCloud the Gnoll Wanderer began the quest for the
                  | Orb.
     0 | D:1      | FollowTheCloud set off with the following items: a +0 hand
                  | axe, 14 poisoned darts, a +0 dagger, a +0 robe, a ration;
                  | and the following spell memorised: Magic Dart; and the
                  | following spells available to memorise: Call Imp, Blink,
                  | Slow, Conjure Flame, Mephitic Cloud
     0 | D:1      | Reached XP level 1. HP: 20/20 MP: 1/1
   210 | D:1      | Reached XP level 2. HP: 19/26 MP: 2/2
  1110 | D:2      | Found a sacrificial altar of Ru.
  1118 | D:2      | Became a worshipper of Ru the Awakened
  1362 | D:2      | Found a hide-covered altar of Uskayaw.
  1383 | D:2      | Reached XP level 3. HP: 30/31 MP: 3/3
  1598 | D:2      | Reached skill level 1 in Invocations
  1780 | D:2      | Reached skill level 1 in Short Blades
  1780 | D:2      | Reached skill level 1 in Long Blades
  1780 | D:2      | Reached skill level 1 in Maces & Flails
  1780 | D:2      | Reached skill level 1 in Polearms
  1780 | D:2      | Reached skill level 1 in Staves
  1780 | D:2      | Reached skill level 1 in Slings
  1780 | D:2      | Reached skill level 1 in Bows
  1780 | D:2      | Reached skill level 1 in Crossbows
  1780 | D:2      | Reached skill level 1 in Dodging
  1780 | D:2      | Reached skill level 1 in Stealth
  1780 | D:2      | Reached skill level 1 in Unarmed Combat
  1780 | D:2      | Reached skill level 1 in Spellcasting
  1780 | D:2      | Reached skill level 1 in Evocations
  1852 | D:2      | Reached XP level 4. HP: 24/38 MP: 5/5
  2158 | D:2      | Reached skill level 1 in Conjurations
  2158 | D:2      | Reached skill level 1 in Hexes
  2158 | D:2      | Reached skill level 1 in Charms
  2158 | D:2      | Reached skill level 1 in Translocations
  2158 | D:2      | Reached skill level 1 in Transmutations
  2158 | D:2      | Reached skill level 1 in Fire Magic
  2158 | D:2      | Reached skill level 1 in Ice Magic
  2158 | D:2      | Reached skill level 1 in Air Magic
  2158 | D:2      | Reached skill level 1 in Earth Magic
  2158 | D:2      | Reached skill level 1 in Poison Magic
  2534 | D:3      | Reached XP level 5. HP: 43/43 MP: 6/6
  2549 | D:3      | Gained mutation: Your magical capacity is low. (-10% MP)
                  | [Ru sacrifice]
  3186 | D:3      | Found a bloodstained altar of Trog.
  3436 | D:4      | Found a staircase to the Ecumenical Temple.
  3442 | D:4      | Noticed Blork the orc
  3468 | D:4      | Killed Blork the orc
  3468 | D:4      | Reached XP level 6. HP: 26/50 MP: 7/7
  3922 | D:4      | Noticed Duvessa
  3922 | D:4      | Noticed Dowan
  3936 | D:4      | Killed Duvessa
  3936 | D:4      | Reached skill level 5 in Fighting
  3936 | D:4      | Reached skill level 5 in Armour
  3942 | D:4      | Killed Dowan
  3942 | D:4      | Reached XP level 7. HP: 56/56 MP: 7/9
  3990 | D:4      | Found a hazy altar of Hepliaklqana.
  3992 | D:4      | Found a shadowy altar of Dithmenos.
  4064 | D:4      | Noticed Eustachio
  4075 | D:4      | Killed Eustachio
  4133 | D:4      | Found a runed translucent door.
  4134 | D:4      | Noticed Crazy Yiuf
  4264 | D:4      | Found an ancient bone altar of Kikubaaqudgha.
  4267 | D:4      | Found a bloodstained altar of Trog.
  4373 | D:4      | Killed Crazy Yiuf
  4476 | D:5      | Entered Level 5 of the Dungeon
  4608 | D:5      | Killed from afar by an orc priest

Levels and vault maps discovered:
D:1:      enne_arrival_octagon_isle, layout_loops_ring
D:2:      layout_loops_cross, overflow_temple_1_default,
          nicolae_ru_path_of_blood, minmay_misc_feat_iff
D:3:      layout_rooms, serial_rivers, chequers_serial_rivers_micro_c,
          chequers_serial_rivers_marsh, chequers_serial_rivers_micro_b,
          chequers_serial_rivers_micro_b, chequers_serial_rivers_micro_b,
          chequers_serial_rivers_large_a, bloody_trog
D:4:      layout_loops_ring, nicolae_overflow_hidden_temple,
          minmay_temple_entry_mini_moons, grunt_dithmenos_smoke,
          uniq_blork_the_orc, uniq_eustachio, uniq_crazy_yiuf_cottage,
          uniq_duvessa
D:5:      layout_cave_pods, first_ration, minmay_holes

Skill      XL: |  1  2  3  4  5  6  7 |
---------------+----------------------+-----
Summonings     | 2 3 |  3.1
Invocations    | 1 2 3 |  3.0
Short Blades   | 1 2 |  2.7
Long Blades    | 1 2 |  2.7
Maces & Flails | 1 2 |  2.7
Polearms       | 1 2 |  2.7
Staves         | 1 2 |  2.7
Slings         | 1 2 |  2.7
Bows           | 1 2 |  2.7
Crossbows      | 1 2 |  2.7
Dodging        | 1 2 |  2.7
Stealth        | 1 2 |  2.7
Unarmed Combat | 1 2 |  2.7
Spellcasting   | 1 2 |  2.7
Evocations     | 1 2 |  2.7
Conjurations   | 1 2 |  2.2
Hexes          | 1 2 |  2.2
Charms         | 1 2 |  2.2
Translocations | 1 2 |  2.2
Transmutations | 1 2 |  2.2
Fire Magic     | 1 2 |  2.2
Ice Magic      | 1 2 |  2.2
Air Magic      | 1 2 |  2.2
Earth Magic    | 1 2 |  2.2
Poison Magic   | 1 2 |  2.2
Axes           | 3 |  3.8
Throwing       | 3 |  3.8
Shields        | 3 |  3.8
Necromancy     | 4 |  4.4
Fighting       | 5 |  5.3
Armour         | 5 |  5.3

Action                   |  1- 3 |  4- 6 |  7- 9 || total
-------------------------+-------+-------+-------++-------
Melee: Hand axe          |    41 |       |       ||    41
       Bite              |     7 |    17 |    13 ||    37
       Dagger            |    43 |   118 |    77 ||   238
       Punch             |       |       |     1 ||     1
Throw: Dart              |     4 |       |       ||     4
 Cast: Magic Dart        |       |    16 |       ||    16
Invok: Sacrifice Essence |       |     1 |       ||     1
Evoke: Wand              |       |     2 |     2 ||     4
 Stab: Sleeping          |     3 |     1 |     1 ||     5
       Paralysed         |       |     5 |       ||     5
  Eat: Chunk             |     3 |     7 |     3 ||    13
Armor: Robe              |    23 |       |       ||    23
       Ring mail         |       |    29 |    15 ||    44
Dodge: Dodged            |    50 |    50 |    56 ||   156

Table legend:
 A = Non-vault XP
 B = Vault XP
 C = Vault XP percentage of total XP
 D = Non-vault monster count
 E = Vault monster count
 F = Vault count percentage of total count
                 A         B        C        D         E       F
            +---------+---------+-------+---------+---------+-------
      Total |     588 |     550 |  48.3 |      80 |       5 |   5.9
            +---------+---------+-------+---------+---------+-------
        D:1 |      29 |       0 |   0.0 |      16 |       0 |   0.0
        D:2 |     113 |       0 |   0.0 |      24 |       0 |   0.0
        D:3 |     137 |       0 |   0.0 |      24 |       0 |   0.0
        D:4 |     126 |     550 |  81.4 |      10 |       5 |  33.3
        D:5 |     183 |       0 |   0.0 |       6 |       0 |   0.0
            +---------+---------+-------+---------+---------+-------
